 Dungeon Crawl Stone Soup version 0.31-a0-198-g2ad674f65e (webtiles) character file.

Game seed: 11652706584000049690

205 qw the Skirmisher (level 5, 0/29 HPs)
             Began as a Deep Elf Hunter on June 25, 2023.
             Slain by Duvessa
             ... wielding a +0 short sword of venom
              (1 damage)
             ... on level 4 of the Dungeon.
             The game lasted 00:00:47 (2520 turns).

qw the Skirmisher (Deep Elf Hunter)                 Turns: 2520, Time: 00:00:48

Health: 0/29       AC:  8    Str: 10    XL:     5   Next: 53%
Magic:  7/7        EV: 11    Int: 14    God:
Gold:   137        SH:  0    Dex: 18    Spells: 4/4 levels left

rFire   . . .        Y - +0 shortbow (drain)
rCold   . . .        (shield currently unavailable)
rNeg    . . .        b - +0 ring mail
rPois   .            (no helmet)
rElec   .            (no cloak)
rCorr   .            (no gloves)
SInv    .            k - +2 pair of boots
Will    .....        d - amulet of faith
Stlth   +            (no ring)
HPRegen 0.24/turn    (no ring)
MPRegen 0.10/turn

%: faith
@: lethally poisoned (0 -> -17), about to teleport
A: no striking features
a: no special abilities


You were on level 4 of the Dungeon.
You visited 1 branch of the dungeon, and saw 4 of its levels.

You collected 137 gold pieces.


   Skills:
 + Level 1.5 Fighting
 - Level 9.1 Ranged Weapons
 - Level 2.4 Dodging
 - Level 1.2 Stealth


You had 4 spell levels left.
You didn't know any spells.
Your spell library was empty.

Inventory:

Hand Weapons
 Y - a +0 shortbow of draining (weapon)
Armour
 b - a +0 ring mail (worn)
 k - a +2 pair of boots (worn)
Jewellery
 d - an amulet of faith (around neck)
Scrolls
 a - a scroll of identify
Potions
 c - 2 potions of heal wounds {unknown}
 e - a potion of enlightenment
 f - a potion of degeneration {unknown}
 g - a potion of haste {unknown}
 h - a potion of might {unknown}

Dungeon Overview and Level Annotations

Branches:
Dungeon (4/15)
 Temple: D:4-7

Altars:
Cheibriados
Gozag
Uskayaw
Zin

Shops:
D:2 [

Annotations:
D:4 Duvessa


Message History

You shoot an arrow. The arrow misses Dowan.
The arrow barely misses Duvessa.
You shoot an arrow. The arrow closely misses Dowan.
The arrow hits Duvessa.
Duvessa is lightly wounded.
Dowan gestures at Duvessa while chanting.
Duvessa seems to speed up.
You shoot an arrow. The arrow hits Dowan!
You drain Dowan.
Dowan is almost dead.
You shoot an arrow. The arrow hits Dowan.
You kill Dowan!
Duvessa screams in rage.
Duvessa goes berserk!
Your Ranged Weapons skill increases to level 9!
You shoot an arrow. The arrow hits Duvessa!
Duvessa is lightly wounded.
Duvessa hits you with a +0 short sword of venom.
You are poisoned.
You shoot an arrow.
The arrow hits Duvessa but does no damage.
You drain Duvessa.
Duvessa is moderately wounded.
You feel sick. Duvessa closely misses you. x2
You shoot an arrow. The arrow closely misses Duvessa.
You feel sick.
Duvessa hits you with a +0 short sword of venom!
You are lethally poisoned!
You shoot an arrow.
The arrow hits Duvessa but does no damage.
You drain Duvessa.
Duvessa is moderately wounded.
You feel very sick. Duvessa closely misses you.
Duvessa hits you with a +0 short sword of venom.
You are more poisoned.
A dart slug comes into view.
2520 ||| READING scroll of teleportation.
As you read the scroll of teleportation, it crumbles to dust.
You feel strangely unstable.
You feel very sick.
Duvessa hits you with a +0 short sword of venom.
You die...

#.#...... #.#######
#........ ######### #..
#.# #.#
######################.#
w.....e@...............#
########################


You could see Duvessa (berserk, fast, very drained) and a dart slug.

Vanquished Creatures
  Dowan (D:4)
  Natasha (thrice) (D:2)
  3 adders
  A worm (D:1)
  3 dart slugs
  3 ball pythons
  2 bats
  9 endoplasms
  A giant cockroach (D:1)
  5 goblins
  5 hobgoblins (D:1)
  5 kobolds
  2 quokkas (D:1)
  A frilled lizard (D:2)
  6 rats
50 creatures vanquished.

Notes
Turn   | Place    | Note
-------+----------+-------------------------------------------
     0 | D:1      | qw the Deep Elf Hunter began the quest for the Orb.
     0 | D:1      | Reached XP level 1. HP: 12/12 MP: 3/3
     0 | D:1      | 0 ||| qw: Version: 0.3-a-22-g0ed2b0b
     0 | D:1      | 0 ||| qw: Game counter: 5433
     0 | D:1      | 0 ||| qw: Melee chars always use a shield: true
     0 | D:1      | 0 ||| qw: God list: Okawaru
     0 | D:1      | 0 ||| qw: Allow faded altars: false
     0 | D:1      | 0 ||| qw: Do Orc after clearing Dungeon:15 true
     0 | D:1      | 0 ||| qw: Do second Lair branch before Depths: true
     0 | D:1      | 0 ||| qw: Lair rune preference: random
     0 | D:1      | 0 ||| qw: Goals: Normal
     0 | D:1      | 0 ||| PLANNING D:1-11
   253 | D:1      | Reached XP level 2. HP: 16/16 MP: 4/4
   257 | D:1      | Reached skill level 6 in Ranged Weapons
   827 | D:1      | Reached XP level 3. HP: 20/20 MP: 5/5
  1067 | D:1      | 1067 ||| READING scroll labelled SIUXAKH VOCA OJER.
  1068 | D:1      | 1068 ||| READING scroll labelled UTUERE YNAI.
  1072 | D:1      | 1072 ||| READING scroll labelled NOL HUYFEBRUOCZY.
  1073 | D:1      | 1073 ||| READING scroll labelled IQADED YHOKK.
  1074 | D:1      | 1074 ||| READING scroll labelled HUDONO LOREHI.
  1075 | D:1      | 1075 ||| DROPPING scroll of butterflies.
  1110 | D:2      | 1110 ||| STAIRDANCE
  1125 | D:2      | 1125 ||| STAIRDANCE
  1130 | D:1      | HP: 2/20 [hobgoblin (4)]
  1208 | D:2      | 1208 ||| STAIRDANCE
  1296 | D:2      | Reached skill level 7 in Ranged Weapons
  1318 | D:2      | 1318 ||| READING scroll of brand weapon.
  1318 | D:2      | 1318 ||| BRANDING +0 shortbow of flaming.
  1390 | D:2      | Noticed Natasha
  1393 | D:2      | Killed Natasha
  1394 | D:2      | Reached XP level 4. HP: 25/25 MP: 6/6
  1404 | D:2      | Found Qiwihit's Armour Shoppe.
  1421 | D:2      | 1421 ||| SHOPLISTING +0 helmet "Yzutuesa" {rC- Str+2 Dex+4}
                  | (239 gold, have 84).
  1474 | D:2      | Noticed Natasha
  1476 | D:2      | Killed Natasha
  1477 | D:2      | Reached skill level 8 in Ranged Weapons
  1496 | D:2      | Noticed Natasha
  1504 | D:2      | Killed Natasha
  1505 | D:2      | Reached XP level 5. HP: 12/29 MP: 7/7
  1709 | D:2      | 1709 ||| UPGRADING to +0 ring mail.
  1719 | D:2      | 1719 ||| DROPPING +0 leather armour.
  1720 | D:2      | 1720 ||| UPGRADING to +2 pair of boots.
  1725 | D:2      | 1725 ||| DROPPING ring of flight.
  1726 | D:2      | 1726 ||| READING scroll labelled TIDOTA KURUC.
  1727 | D:2      | 1727 ||| READING scroll labelled CINIVI PUEZXO.
  1728 | D:2      | 1728 ||| DRINKING 2 red potions.
  1729 | D:2      | 1729 ||| DROPPING potion of brilliance.
  1996 | D:3      | Found an opulent altar of Gozag.
  2019 | D:3      | Found a snail-covered altar of Cheibriados.
  2188 | D:3      | Found a hide-covered altar of Uskayaw.
  2218 | D:3      | Found a glowing silver altar of Zin.
  2325 | D:3      | 2325 ||| UPGRADING to amulet of faith.
  2330 | D:3      | 2330 ||| DROPPING ring of wizardry.
  2331 | D:3      | 2331 ||| READING scroll labelled GEYMO AG UGAAQ.
  2332 | D:3      | 2332 ||| READING scroll labelled ACWEMU ANEUSYJ.
  2383 | D:3      | 2383 ||| READING 2 scrolls of identify.
  2383 | D:3      | 2383 ||| IDENTIFYING black potion
  2509 | D:4      | Noticed Dowan
  2511 | D:4      | Noticed Duvessa
  2515 | D:4      | Killed Dowan
  2516 | D:4      | Reached skill level 9 in Ranged Weapons
  2519 | D:4      | HP: 6/29 [Duvessa/+0 short sword of venom (4)]
  2520 | D:4      | 2520 ||| READING scroll of teleportation.
  2520 | D:4      | HP: 1/29 [poisoned by Duvessa]
  2520 | D:4      | Slain by Duvessa

Levels and vault maps discovered:
D:1:      tekkud_arrival_beachfront_property, layout_basic
D:2:      layout_rooms, serial_shops, nicolae_shop_advertising_works
          [nicolae_subvault_shop_adworks], uniq_natasha
D:3:      layout_basic, nicolae_overflow_quartered_altars,
          chequers_serial_rivers_micro_e
D:4:      layout_basic, kennysheep_generic_room_4, uniq_duvessa

Skill      XL: |  1  2  3  4  5 |
---------------+----------------+-----
Ranged Weapons | 6 7 8 9 |  9.1
Fighting       | |  1.5
Dodging        | |  2.4
Stealth        | |  1.2

Action                     |  1- 3 |  4- 6 || total
---------------------------+-------+-------++-------
   Fire: Shortbow          |    79 |    49 ||   128
    Use: Scroll            |     6 |     6 ||    12
         Potion            |       |     1 ||     1
 Armour: Leather armour    |    10 |     1 ||    11
         Ring mail         |       |     3 ||     3
  Dodge: Dodged            |    19 |     9 ||    28

Table legend:
 A = Non-vault XP
 B = Vault XP
 C = Vault XP percentage of total XP
 D = Non-vault monster count
 E = Vault monster count
 F = Vault count percentage of total count
                 A         B        C        D         E       F
            +---------+---------+-------+---------+---------+-------
      Total |     192 |     102 |  34.7 |      48 |       2 |   4.0
            +---------+---------+-------+---------+---------+-------
        D:1 |      60 |       0 |   0.0 |      30 |       0 |   0.0
        D:2 |     104 |      35 |  25.2 |      10 |       1 |   9.1
        D:3 |      28 |       0 |   0.0 |       8 |       0 |   0.0
        D:4 |       0 |      67 | 100.0 |       0 |       1 | 100.0
            +---------+---------+-------+---------+---------+-------
